 Dungeon Crawl Stone Soup version 0.31.0-32-g396128a36d (webtiles) character file.

Game seed: 13234047237358260533

1087 tizbic2 the Trooper (level 8, 0/52 (70) HPs)
             Began as a Green Draconian Wanderer on Apr 14, 2024.
             Was an Initiate of Ashenzari.
             Slain by a wight
             ... wielding a +2 scimitar
              (13 damage)
             ... on level 4 of the Dungeon.
             The game lasted 00:12:03 (2185 turns).

tizbic2 the Trooper (Green Draconian Wanderer)      Turns: 2185, Time: 00:12:04

HP:   0/52 (70)     AC: 10    Str: 14    XL:     8   Next: 9%
MP:   12/12         EV: 13    Int: 10    God:    Ashenzari [......]
Gold: 154           SH:  6    Dex: 16    Spells: 11/12 levels left

rFire   + . .        a - +3 hand axe
rCold   . . .        b - +0 buckler {AC+3}
rNeg    . . .        (body armour unavailable)
rPois   +            (helmet restricted)
rElec   .            m - +0 cloak
rCorr   +            (no gloves)
SInv    .            (no boots)
Will    .....        i - amulet of the Sidereal Oracle {Regen+, Melee, Fort} (curse)
Stlth   +            l - ring of protection from fire
HPRegen 1.08/turn    s - ring of resist corrosion
MPRegen 0.13/turn

%: no passive effects
@: very heavily drained
A: breathe noxious fumes, AC +6, unfitting armour, poison resistance,
cold-blooded
a: Breathe Noxious Fumes, Renounce Religion, Shatter the Chains


You were on level 4 of the Dungeon.
You worshipped Ashenzari.
Ashenzari was noncommittal.
You visited 1 branch of the dungeon, and saw 4 of its levels.
You also visited: Ossuary.

You collected 154 gold pieces.

Inventory:

Hand Weapons
 a - a +3 hand axe (weapon)
 j - a +0 battleaxe
 w - a +2 short sword of venom
Armour
 b - a +0 buckler of protection (worn)
 m - a +0 cloak (worn)
Magical Staves
 y - a staff of earth
Jewellery
 i - the cursed amulet of the Sidereal Oracle (around neck) {Regen+, Melee, Fort}
   (You found it on level 3 of the Dungeon)

   [amulet of regeneration]

   Regen+:    It increases your rate of health regeneration.
   It has a curse which improves the following skills: Melee Combat: Short
   Blades, Long Blades, Axes, Maces & Flails, Polearms, Staves and Unarmed
   Combat.
   Fortitude: Shields.
 l - a ring of protection from fire (left hand)
 q - a ring of positive energy
 s - a ring of resist corrosion (right hand)
Scrolls
 c - 3 scrolls of fear
 d - 3 scrolls of noise {unknown}
 g - 3 scrolls of enchant armour {unknown}
 k - 3 scrolls of vulnerability {unknown}
 n - a scroll of enchant weapon
 o - 2 scrolls of poison {unknown}
 p - a scroll of silence {unknown}
 r - a scroll of amnesia
 t - a scroll of teleportation
 v - a scroll of identify
Potions
 e - 2 potions of brilliance
 f - a potion of curing
 h - a potion of might {unknown}
 u - a potion of lignification {unknown}
 x - 2 potions of heal wounds {unknown}


   Skills:
 + Level 5.9 Fighting
 * Level 5.9(6.3) Axes
 + Level 3.2 Dodging
 * Level 5.3(5.7) Shields
 + Level 2.8 Spellcasting


You had 11 spell levels left.
You knew the following spells:

 Your Spells              Type           Power      Damage    Failure   Level
a - Kiss of Death         Conj/Necr      4%         2d5       36%         1

Your spell library contained the following spells:

 Spells                   Type           Power      Damage    Failure   Level
 Confusing Touch          Hex            1%         N/A       73%         3
 Dispel Undead            Necr           1%         3d6       98%         4


Dungeon Overview and Level Annotations

Branches:
Dungeon (4/15)            Ossuary (visited)
 Temple: D:4-7

Altars:
Ashenzari

Shops:
D:1 ?   D:3 ?


Innate Abilities, Weirdness & Mutations

You can breathe blasts of noxious fumes.
Your lurid green scales are hard. (AC +6)
You cannot fit into any form of body armour.
Your system is resistant to poisons. (rPois)
You are cold-blooded and may be slowed by cold attacks.


Message History

The wight closely misses you. The wight hits you with a +0 flail!
* * * LOW HITPOINT WARNING * * *
You feel drained.
* * * LOW HITPOINT WARNING * * *
You hit the wight.
The wight is severely damaged.
The wight closely misses you.
You hit the wight.
Your tail-slap misses the wight.
The wight is almost destroyed.
You block the wight's attack.
You barely miss the wight.
Your tail-slap misses the wight.
The wight is almost destroyed.
The wight hits you with a +0 flail!
* * * LOW HITPOINT WARNING * * *
You feel drained.
* * * LOW HITPOINT WARNING * * *
You feel better. The wight closely misses you.
You hit the wight but do no damage.
The wight is almost destroyed.
The wight hits you with a +0 flail.
* * * LOW HITPOINT WARNING * * *
You feel drained.
* * * LOW HITPOINT WARNING * * *
The wight attacks as it pursues you! The wight hits you with a +0 flail.
* * * LOW HITPOINT WARNING * * *
You feel drained.
* * * LOW HITPOINT WARNING * * *
You feel better.
You closely miss the wight.
The wight is almost destroyed.
The wight misses you.
You hit the wight but do no damage.
The wight is severely damaged.
You closely miss the wight. The wight hits you but does no damage.
The wight hits you with a +2 scimitar.
* * * LOW HITPOINT WARNING * * *
You feel drained.
* * * LOW HITPOINT WARNING * * *
You feel better. The wight hits you with a +2 scimitar!
You die...

####.....####..........
####..###....#######
##..##..### ##).)..#
##.##.# #########
##.##.###........
#..#.............
#.##......†...... ##.
#.z@.)........
#####..###z###........
.......)...# #........
..###.###### #......<.
# #........ #########


You could see 2 wights.

Vanquished Creatures
  Sigmund (D:2)
  A black bear (D:4)
  6 scorpions (Ossuary)
  A wight (D:4)
  6 human zombies (Ossuary)
  3 scorpion zombies (Ossuary)
  Terence (D:3)
  3 mummies (Ossuary)
  3 gnolls (D:4)
  An adder (D:1)
  An adder zombie (Ossuary)
  A dart slug (D:3)
  3 ribbon worms
  3 orcs (D:3)
  4 ball pythons
  5 bats
  4 endoplasms
  3 giant cockroaches
  10 hobgoblins
  2 jackals (D:1)
  3 quokkas
  2 ball python zombies (Ossuary)
  A frilled lizard (D:2)
  A gnoll zombie (Ossuary)
  2 goblins (D:3)
  A jackal zombie (Ossuary)
  5 kobolds
  3 orc zombies (Ossuary)
  3 rats
83 creatures vanquished.

Notes
Turn   | Place    | Note
-------+----------+-------------------------------------------
     0 | D:1      | tizbic2 the Draconian Wanderer began the quest for the Orb.
     0 | D:1      | tizbic2 set off with the following items: a +1 hand axe, a
                  | +0 buckler of protection, a scroll of fear.
     0 | D:1      | Reached XP level 1. HP: 22/22 MP: 1/1
    44 | D:1      | Found Rikootom's Magic Scroll Shoppe.
   158 | D:1      | Reached XP level 2. HP: 24/28 MP: 2/2
   473 | D:2      | Noticed Sigmund
   501 | D:1      | Reached XP level 3. HP: 24/34 MP: 3/3
   867 | D:2      | Learned a level 1 spell: Kiss of Death
   943 | D:2      | Killed Sigmund
   944 | D:2      | Reached skill level 5 in Fighting
   944 | D:2      | Reached skill level 1 in Spellcasting
   944 | D:2      | Reached XP level 4. HP: 31/42 MP: 1/6
   944 | D:2      | Reached XP level 5. HP: 36/48 MP: 1/7
  1315 | D:3      | Found Gisk's Magic Scroll Shoppe.
  1407 | D:3      | Found a faded altar of an unknown god.
  1409 | D:3      | Noticed Terence
  1425 | D:3      | Killed Terence
  1449 | D:3      | Prayed at the altar of an unknown god.
  1449 | D:3      | Became a worshipper of Ashenzari the Shackled
  1652 | D:4      | Found a sand-covered staircase.
  1660 | Ossuary  | Entered an ossuary
  1692 | Ossuary  | Reached XP level 6. HP: 50/56 MP: 8/8
  1854 | Ossuary  | Reached skill level 5 in Axes
  1876 | Ossuary  | Your scales start taking on a lurid green colour.
  1876 | Ossuary  | Reached XP level 7. HP: 46/61 MP: 10/10
  1876 | Ossuary  | Gained mutation: Your system is resistant to poisons.
                  | (rPois) [Green Draconian growth]
  1990 | Ossuary  | Reached skill level 5 in Shields
  2109 | D:4      | Reached XP level 8. HP: 68/70 MP: 12/12
  2181 | D:4      | HP: 1/53 [wight/+0 flail (2)]
  2185 | D:4      | Slain by a wight

Illustrated notes

Levels and vault maps discovered:
D:1:      kennysheep_arrival_seaside, layout_rooms, serial_shops,
          nicolae_shop_tiny_real_fake_doors
D:2:      layout_loops_ring, uniq_sigmund, uniq_crazy_yiuf_cottage
D:3:      layout_loops_ring, serial_shops, nicolae_shop_tiny_waterfront,
          basic_ecumenical_altar, minmay_misc_feat_diagonals,
          kennysheep_generic_room_6, uniq_terence
D:4:      layout_basic, nicolae_ossuary_entry_plus, serial_shops, shop,
          item_on_display_a, uniq_eustachio

Skill      XL: |  1  2  3  4  5  6  7 |
---------------+----------------------+-----
Fighting       | 5 |  5.9
Axes           | 4 5 |  5.9
Dodging        | 2 3 |  3.2
Shields        | 3 4 5 |  5.3
Spellcasting   | 1 2 |  2.8

Action                     |  1- 3 |  4- 6 |  7- 9 || total
---------------------------+-------+-------+-------++-------
  Melee: Hand axe          |    80 |   114 |    82 ||   276
         Tailslap          |     9 |    27 |    22 ||    58
         Short sword       |       |    30 |    27 ||    57
   Cast: Kiss of Death     |     1 |       |       ||     1
 Invoke: Curse Item        |       |     1 |       ||     1
Ability: Breathe Noxious F |       |       |     5 ||     5
    Use: Scroll            |     4 |     3 |       ||     7
         Potion            |       |       |     3 ||     3
   Stab: Sleeping          |     1 |     2 |       ||     3
         Confused          |       |       |     3 ||     3
 Armour: Skin              |    52 |    73 |    67 ||   192
  Dodge: Dodged            |    53 |    86 |    55 ||   194
  Block: Buckler           |    30 |    27 |    26 ||    83
